 Dungeon Crawl Stone Soup version 0.30.0-19-g36f170ea60 (webtiles) character file.

Game seed: 8893912730820688513

1 cheesebisquit the Caller (level 1, -3/13 HPs)
             Began as a Barachi Summoner on May 26, 2023.
             Succumbed to a kobold's poison
             ... on level 1 of the Dungeon.
             The game lasted 00:00:59 (34 turns).

cheesebisquit the Caller (Barachi Summoner)           Turns: 34, Time: 00:01:00

Health: -3/13      AC:  2    Str:  9    XL:     1   Next: 20%
Magic:  1/3        EV: 12    Int: 15    God:
Gold:   9          SH:  0    Dex: 12    Spells: 3/4 levels left

rFire   . . .        (no weapon)
rCold   . . .        (no shield)
rNeg    . . .        a - +0 robe
rPois   .            (no helmet)
rElec   .            (no cloak)
rCorr   .            (no gloves)
SInv    .            (no boots)
Will    .....        (no amulet)
Stlth   ++           (no ring)
HPRegen 0.22/turn    (no ring)
MPRegen 0.08/turn

%: no passive effects
@: lethally poisoned (-3 -> -23), slow
A: amphibious, slowness 1, strong legs 1, +LOS
a: Hop


You were on level 1 of the Dungeon.
You visited 1 branch of the dungeon, and saw 1 of its levels.

You collected 9 gold pieces.

Inventory:

Armour
 a - a +0 robe (worn)
Jewellery
 c - a ring of fire
Potions
 b - a potion of magic


   Skills:
 - Level 2.1 Dodging
 - Level 1.7 Stealth
 + Level 2.2 Spellcasting
 + Level 4.8 Summonings


You had 3 spell levels left.
You knew the following spells:

 Your Spells              Type           Power      Damage    Failure   Level
a - Summon Small Mammal   Summ           64%        N/A       3%          1

Your spell library contained the following spells:

 Spells                   Type           Power      Damage    Failure   Level
 Call Imp                 Summ           32%        N/A       4%          2
 Call Canine Familiar     Summ           16%        N/A       9%          3
 Summon Guardian Golem    Hex/Summ       9%         N/A       24%         3
 Summon Lightning Spire   Summ/Air       9%         N/A       61%         4


Dungeon Overview and Level Annotations

Branches:
Dungeon (1/15)

Altars:


Innate Abilities, Weirdness & Mutations

You are amphibious.
You cover ground slowly.
You can hop short distances.
You have an extended range of vision and can be seen from far away.


Message History

Your bat barely misses the rat.
Your quokka bites the rat.
The rat dies!
The rat barely misses you.
You closely miss the rat.
The rat is heavily wounded.
Your bat hits the rat but does no damage.
The rat closely misses your quokka.
The kobold throws a stone.
The stone hits your quokka but does no damage.
You closely miss the rat.
The rat is heavily wounded.
Your bat hits the rat.
The rat dies!
The kobold hits your quokka with a +2 dagger of venom.
Your quokka is poisoned.
Your quokka bites the kobold but does no damage.
Your bat closely misses the kobold.
The kobold barely misses your quokka.
Your quokka completely misses the kobold.
Your bat closely misses the kobold.
Your bat closely misses the kobold.
Your quokka barely misses the kobold.
The kobold barely misses your quokka.
Your bat closely misses the kobold.
Your quokka closely misses the kobold.
Your bat closely misses the kobold.
Your quokka bites the kobold but does no damage.
Your quokka dies!
Your quokka's corpse disappears in a puff of smoke!
Your bat hits the kobold but does no damage.
The kobold hits you with a +2 dagger of venom.
You are lethally poisoned!
Your bat completely misses the kobold.
You closely miss the kobold.
You feel very sick.
Your bat closely misses the kobold.
Your quokka bites the kobold but does no damage.
The kobold hits you with a +2 dagger of venom.
* * * LOW HITPOINT WARNING * * *
You are more poisoned.
Okay, then.
You hit the kobold but do no damage.
You die...

... .......
.. .......
..##...#...
#..........
#..........
#...b......
#.......>..
#..........
###@K..†...#
#....r......
##.#.....?.#.
#..#.........
#.##.#######.
#.......####.
#............
##.........#
##........###


You could see a kobold (ally target), a friendly quokka (summoned) and a
friendly bat (summoned).

Vanquished Creatures (collateral kills)
  2 rats (D:1)
2 creatures vanquished.

Notes
Turn   | Place    | Note
-------+----------+-------------------------------------------
     0 | D:1      | cheesebisquit the Barachi Summoner began the quest for the
                  | Orb.
     0 | D:1      | Reached XP level 1. HP: 13/13 MP: 3/3
    34 | D:1      | Succumbed to a kobold's poison

Illustrated notes

Levels and vault maps discovered:
D:1:      tarquinn_simple_flora_water_a, layout_rooms, nicolae_titane

Action                     || total
---------------------------++-------
  Melee: Unarmed           ||     5
   Cast: Summon Small Mamm ||     3
  Dodge: Dodged            ||     3
